 Dungeon Crawl Stone Soup version 0.17-a0-1181-gabc46e6 (webtiles) character file.

101 SWAGNEMITE the Sneak (level 4, -4/38 HPs)
             Began as a Naga Enchanter on May 31, 2015.
             Slain by a gnoll
             ... wielding a +0 flail
              (6 damage)
             ... on level 2 of the Dungeon.
             The game lasted 00:03:37 (1221 turns).

SWAGNEMITE the Sneak (Naga Enchanter)               Turns: 1221, Time: 00:03:37

Health: -4/38      AC:  3    Str: 10    XL:     4   Next: 75%
Magic:  1/7        EV: 10    Int: 17    God:
Gold:   43         SH:  0    Dex: 11    Spells: 3 memorised, 1 level left

rFire  . . .     SeeInvis +     a - +1 dagger
rCold  . . .     Clarity  .     b - +1 robe
rNeg   . . .     SustAt   .     (no shield)
rPois  +         Gourm    .     (no helmet)
rElec  .         Spirit   .     (no cloak)
rCorr  .         Warding  .     (no gloves)
rMut   .         Stasis   .     (no barding)
MR     .....                    (no amulet)
Stlth  +++.......               (no ring)
                                (no ring)

@: short of breath, very slow, not resistant to hostile enchantments, fairly
stealthy
A: see invisible, deformed body, poison resistance, slowness 2, slow metabolism
1, spit poison 2, AC +1
a: Spit Poison


You were on level 2 of the Dungeon.
You were near starving.

You visited 1 branch of the dungeon, and saw 2 of its levels.

You collected 43 gold pieces.

Inventory:

Hand weapons
 a - a +1 dagger (weapon)
Armour
 b - a +1 robe (worn)
Scrolls
 g - a scroll of blinking {unknown}
 j - a scroll of enchant armour {unknown}
Potions
 e - 2 potions of might
 f - a potion of cancellation
 h - 2 potions of brilliance
Books
 c - a book of Maledictions
Comestibles
 d - a bread ration {@e1}
 k - a beef jerky


   Skills:
 + Level 1.1 Fighting
 + Level 1.6 Short Blades
 + Level 2.2 Dodging
 * Level 5.5 Stealth
 - Level 2.0 Spellcasting
 * Level 3.9 Hexes


You had one spell level left.
You knew the following spells:

 Your Spells              Type           Power        Failure   Level  Hunger
a - Ensorcelled Hibernat  Hex/Ice        #.....       17%         2    ###....
c - Confuse               Hex            ###.....     14%         3    ###....
v - Corona                Hex            ###....      4%          1    #......


Dungeon Overview and Level Annotations

Branches:
Dungeon (2/15)

Altars:


Innate Abilities, Weirdness & Mutations

You cannot wear boots.
Your serpentine skin is tough (AC +1).
You have supernaturally acute eyesight.
Armour fits poorly on your strangely shaped body.
Your system is resistant to poisons.
You cover ground very slowly.
You have a slow metabolism.
You can spit poison.


Message History

The kobold throws a stone.
The stone closely misses you.
A gnoll comes into view. It is wielding a spear.
The kobold completely misses you.
A gnoll comes into view. It is wielding a flail.
You closely miss the kobold. The kobold hits you with a club.
You take 1 damage, and have 36/38 hp.
You miss the kobold.
The gnoll shouts! x2
You hit the kobold.
You hear a shout!
The kobold barely misses you.
You closely miss the kobold. The kobold hits you but does no damage.
The kobold throws a stone.
The stone closely misses you.
You see here a stone.
You barely miss the kobold. The kobold hits you but does no damage.
A gnoll comes into view. It is wielding a flail.
The gnoll shouts!
You hit the kobold but do no damage. You hit the kobold.
You kill the kobold!
Aim: a gnoll, wielding a flail The splash of poison hits the gnoll.
The gnoll appears unharmed.
You are feeling very hungry.
The gnoll hits you with a flail!
The gnoll hits you from afar with a spear.
You take 8 damage, and have 29/38 hp.
MASSIVE DAMAGE!!
Aim: a gnoll, wielding a flail (chance to defeat MR: 49%)
The gnoll resists with some effort.
The gnoll misses you.
The gnoll hits you from afar with a spear.
You take 3 damage, and have 26/38 hp.
You now have 5/7 mp.
Aim: a gnoll, wielding a flail (chance to defeat MR: 49%)
The gnoll looks drowsy...
The gnoll hits you from afar with a spear.
You take 3 damage, and have 23/38 hp.
You now have 3/7 mp.
The helpless gnoll fails to defend itself.
You impale the gnoll!!
You kill the gnoll!
The gnoll hits you from afar with a spear!
You take 7 damage, and have 16/38 hp.
Aim: a gnoll, wielding a spear (chance to defeat MR: 49%)
The gnoll looks drowsy...
You have got your breath back.
You now have 1/7 mp.
Items here: )) †† a flail; a club; a gnoll corpse; a kobold corpse The helpless gnoll fails to defend itself.
You impale the gnoll!!
You kill the gnoll!
You don't have enough magic to cast that spell.
You closely miss the gnoll. You hit the gnoll. The gnoll hits you with a flail.
You take 1 damage, and have 16/38 hp.
You hit the gnoll. The gnoll hits you with a flail.
* * * LOW HITPOINT WARNING * * *
You take 6 damage, and have 10/38 hp.
Aim: a gnoll, wielding a flail (moderately wounded)
The splash of poison misses the gnoll.
You feel slightly more hungry. The gnoll barely misses you.
You see here a stone.
Aim: a gnoll, wielding a flail (moderately wounded, chance to defeat MR: 49%)
You miscast Ensorcelled Hibernation.
You are very lightly contaminated with residual magic.
A chill runs through your body. The gnoll hits you but does no damage.
You now have 0/7 mp.
Drink which item? (? for menu, Esc to quit)
It was a potion of might.
You feel very mighty all of a sudden. The gnoll hits you with a flail!
* * * LOW HITPOINT WARNING * * *
You take 9 damage, and have 1/38 hp.
MASSIVE DAMAGE!!
Drink which item? (? for menu, Esc to quit)
It was a potion of brilliance.
You feel clever all of a sudden.
Drink which item? (? for menu, Esc to quit)
It was a potion of cancellation.
Your magical effects are unravelling.
Your magical contamination has completely faded away.
You feel magically purged.
You have got your breath back.
You feel a little less mighty now.
You feel a little less clever now. The gnoll barely misses you.
Drink which item? (? for menu, Esc to quit)
It was a potion of curing.
You feel better. The gnoll hits you with a flail!
* * * LOW HITPOINT WARNING * * *
You don't have enough magic to cast that spell.
Aim: a gnoll, wielding a flail (moderately wounded)
The splash of poison hits the gnoll.
The gnoll is poisoned.
You feel slightly more hungry. The gnoll hits you but does no damage.
You see here a stone.
The gnoll hits you with a flail.
* * * LOW HITPOINT WARNING * * *
You take 1 damage, and have 1/38 hp.
You have got your breath back.
Aim: a gnoll, wielding a flail (severely wounded, poisoned)
The splash of poison misses the gnoll.
You are near starving!
The gnoll hits you with a flail.
You die...

.........#
#######.##########
.................#
#######.########.#
## #.# #.# .# #.#
#.#
........########.#
######...........#
#.##.#####.@#
#....#####g.#
#.....))((.(#
#)########..# #..#
#..# ...# #.## ..#


You could see a gnoll.

Vanquished Creatures
  Jessica (D:2)
  2 gnolls (D:2)
  2 adders (D:2)
  A worm (D:2)
  3 giant geckos (D:1)
  4 goblins
  2 hobgoblins (D:1)
  A ball python (D:1)
  7 bats
  4 giant cockroaches
  2 giant newts (D:1)
  5 kobolds
  5 rats (D:1)
39 creatures vanquished.

Notes
Turn   | Place    | Note
--------------------------------------------------------------
     0 | D:1      | SWAGNEMITE the Naga Enchanter began the quest for the Orb.
     0 | D:1      | Reached XP level 1. HP: 15/15 MP: 3/3
   346 | D:1      | Reached XP level 2. HP: 22/22 MP: 5/5
   675 | D:1      | Reached XP level 3. HP: 22/30 MP: 6/6
   852 | D:1      | Reached skill level 2 in Dodging
   991 | D:1      | Learned a level 2 spell: Ensorcelled Hibernation
   995 | D:1      | Learned a level 3 spell: Confuse
  1089 | D:2      | Noticed Jessica
  1111 | D:2      | Killed Jessica
  1111 | D:2      | Reached skill level 5 in Stealth
  1111 | D:2      | Reached XP level 4. HP: 34/37 MP: 7/7
  1121 | D:2      | Reached skill level 1 in Fighting
  1213 | D:2      | HP: 1/38 [gnoll/flail (9)]
  1219 | D:2      | HP: 1/38 [gnoll/flail (1)]
  1221 | D:2      | Slain by a gnoll

Vault maps used:
D:1:      minmay_arrival_stair_chambers
D:2:      minmay_misc_feat_rugged, minmay_misc_feat_encased,
          minmay_stone_trees_small, cheibriados_altar_wand_db, uniq_jessica

Action                   |  1- 3 |  4- 6 || total
-------------------------+-------+-------++-------
Melee: Dagger            |    93 |    29 ||   122
 Cast: Ensorcelled Hiber |     1 |     5 ||     6
 Abil: Spit Poison       |     3 |     4 ||     7
  Use: Potion            |       |     4 ||     4
 Stab: Sleeping          |     9 |     5 ||    14
       Distracted        |     1 |       ||     1

Vault maps used:
D:1:      minmay_arrival_stair_chambers
D:2:      minmay_misc_feat_rugged, minmay_misc_feat_encased,
          minmay_stone_trees_small, cheibriados_altar_wand_db, uniq_jessica

Table legend:
 A = Turns spent in this place as a percentage of turns spent in the entire game.
 B = Non-inter-level travel turns spent in this place as a percentage of non-inter-level travel turns spent in the entire game.
 C = Inter-level travel turns spent in this place as a percentage of turns spent in this place.
 D = Turns resting spent in this place as a percentage of non-inter-level travel turns spent in this place.
 E = Turns spent auto-exploring this place as a percentage of non-inter-level travel turns spent in this place.
 F = Non-inter-level travel turns spent in this place divided by the number of levels of this place that you've seen.
                   A       B       C       D       E      F
               +-------+-------+-------+-------+-------+----------------------
         Total | 100.0 | 100.0 |   0.3 |   2.0 |  11.8 | 198.5
       Dungeon | 100.0 | 100.0 |   0.3 |   2.0 |  11.8 | 198.5
               +-------+-------+-------+-------+-------+----------------------

Table legend:
 A = Kills in this place as a percentage of kills in entire the game.
 B = Kills by you in this place as a percentage of kills by you in the entire game.
 C = Kills by friends in this place as a percentage of kills by friends in the entire game.
 D = Other kills in this place as a percentage of other kills in the entire game.
 E = Experience gained in this place as a percentage of experience gained in the entire game.
 F = Experience gained in this place divided by the number of levels of this place that you have seen.
                   A       B       C       D       E      F
               +-------+-------+-------+-------+-------+----------------------
         Total | 100.0 | 100.0 |  -nan |  -nan | 100.0 |  72.5
       Dungeon | 100.0 | 100.0 |  -nan |  -nan | 100.0 |  72.5
               +-------+-------+-------+-------+-------+----------------------
